 Dungeon Crawl Stone Soup version 0.29.1-15-g9cfb28693d (webtiles) character file.

Game seed: 17165535872481054268

1945 Labrat the Magician (level 9, -3/74 HPs)
             Began as a Meteoran Earth Elementalist on Sept 4, 2023.
             Was an Initiate of Vehumet.
             Slain by a yak (13 damage)
             ... on level 8 of the Dungeon.
             The game lasted 00:27:07 (2041 turns).

Labrat the Magician (Meteoran Earth Elementalist)   Turns: 2041, Time: 00:27:07

Health: -3/74      AC:  9    Str: 13    XL:     9   Next: 68%
Magic:  0/19       EV: 15    Int: 25    God:    Vehumet [......]
Gold:   481        SH:  0    Dex: 20    Spells: 1/20 levels left

rFire   . . .      SeeInvis .   A - +4 spear
rCold   + . .      Faith    .   (no shield)
rNeg    . . .      Spirit   .   o - +4 robe of Augmentation {Str+4 Int+4 Dex+4}
rPois   .          Reflect  .   (no helmet)
rElec   .          Harm     .   (no cloak)
rCorr   .          Rampage  .   (no gloves)
Will    +....                   y - +2 pair of boots
Stlth   +.........              (no amulet)
HPRegen 0.22/turn               B - ring of protection from cold
MPRegen 0.16/turn               (no ring)

@: very slightly contaminated, glowing
A: sense surroundings 2, otherworldly, glowing, explore regen
a: Renounce Religion


You were on level 8 of the Dungeon.
You worshipped Vehumet.
Vehumet was noncommittal.
You visited 2 branches of the dungeon, and saw 8 of its levels.
You also visited: Ossuary.

You collected 481 gold pieces.

Inventory:

Hand Weapons
 A - a +4 spear (weapon)
Missiles
 z - 4 silver javelins
Armour
 o - the +4 robe of Augmentation (worn) {Str+4 Int+4 Dex+4}
   (You found it on level 3 of the Dungeon)

   Str:       It affects your strength (+4).
   Int:       It affects your intelligence (+4).
   Dex:       It affects your dexterity (+4).
 y - a +2 pair of boots (worn)
Jewellery
 B - a ring of protection from cold (left hand)
Wands
 f - a wand of light (8)
 m - a wand of flame (46)
Scrolls
 c - 2 scrolls of amnesia
 i - a scroll of brand weapon {unknown}
 n - a scroll of silence
 p - 2 scrolls of enchant weapon {unknown}
 q - a scroll of fog {unknown}
 r - a scroll of immolation {unknown}
 v - a scroll of magic mapping {unknown}
Potions
 a - 4 potions of curing
 e - 5 potions of flight {unknown}
 g - 2 potions of attraction {unknown}
 j - a potion of haste {unknown}
 k - 3 potions of degeneration {unknown}
 l - a potion of mutation {unknown}
 s - 2 potions of might {unknown}
 t - a potion of resistance {unknown}
 u - 3 potions of heal wounds {unknown}
 w - 2 potions of lignification {unknown}
 x - 2 potions of ambrosia {unknown}


   Skills:
 - Level 5.0 Fighting
 - Level 5.0 Armour
 - Level 5.0 Dodging
 - Level 1.4 Stealth
 + Level 6.3 Spellcasting
 - Level 5.0 Conjurations
 - Level 4.0 Transmutations
 - Level 6.0 Earth Magic
 - Level 4.0 Poison Magic


You had one spell level left.
You knew the following spells:

 Your Spells              Type           Power      Damage    Failure   Level
a - Sandblast             Erth           74%        2d16      1%          1
b - Passwall              Tmut/Erth      26%        N/A       1%          2
c - Stone Arrow           Conj/Erth      70%        3d11      2%          3
d - Apportation           Tloc           14%        N/A       8%          1
e - Iskenderun's Mystic   Conj/Tloc      20%        2d6       26%         4
f - Magic Dart            Conj           100%       1d8       1%          1
g - Mephitic Cloud        Conj/Pois/Air  22%        N/A       6%          3
h - Olgreb's Toxic Radia  Pois           27%        N/A       14%         4

Your spell library contained the following spells:

 Spells                   Type           Power      Damage    Failure   Level
 Sting                    Tmut/Pois      100%       1d8       1%          1
 Poisonous Vapours        Pois/Air       34%        N/A       4%          2
 Dazzling Flash           Conj/Hex       40%        N/A       8%          3
 Petrify                  Tmut/Erth      32%        N/A       10%         4
 Call Imp                 Summ           7%         N/A       11%         2
 Ozocubu's Armour         Ice            7%         N/A       22%         3
 Irradiate                Conj/Tmut      15%        3d16      32%         5
 Corpse Rot               Necr/Pois/Air  14%        N/A       38%         4
 Dispel Undead            Necr           7%         3d8       58%         4
 Agony                    Necr           7%         N/A       90%         5
 Metabolic Englaciation   Hex/Ice        3%         N/A       90%         5
 Silence                  Hex/Air        3%         N/A       90%         5
 Eringya's Noxious Bog    Tmut/Pois      13%        N/A       91%         6
 Death Channel            Necr           3%         N/A       100%        6
 Simulacrum               Ice/Necr       3%         N/A       100%        6


Dungeon Overview and Level Annotations

Branches:
Dungeon (6/15) Zot: 2319   Temple (1/1) D:6 Zot: 565 Ossuary (visited)

Altars:
Cheibriados
Hepliaklqana
Kikubaaqudgha
Okawaru
Qazlal
Vehumet
Xom
Zin
The Shining One


Innate Abilities, Weirdness & Mutations

You passively map the area around you.
You are easily found by Zot.
You glow in the dark.
You regain HP and MP as you explore.


Message History

The yak is severely wounded.
The yak is blinded.
The bolt of light misses the yak.
The yak gores you!
Unknown command.
You strike the helpless yak from behind!
You hit the yak.
The yak is severely wounded.
You hit the yak.
The yak is severely wounded.
The yak is no longer blind.
The yak gores you.
* * * LOW HITPOINT WARNING * * *
Casting: Iskenderun's Mystic Blast (dangerous; 26% risk of failure)
Confirm with . or Enter, or press ? or * to list all spells.
You miscast Iskenderun's Mystic Blast.
You are very lightly contaminated with residual magic.
Nothing appears to happen.
The yak closely misses you.
Unknown command.
Okay, then.
Unknown command.
The yak is no longer blind.
Your magical contamination has completely faded away.
The yak attacks as you move away! The yak gores you!
* * * LOW HITPOINT WARNING * * *
The yak attacks as you move away! The yak gores you but does no damage.
The yak attacks as you move away! The yak gores you.
* * * LOW HITPOINT WARNING * * *
It was a potion of curing.
You feel better. The yak misses you.
You barely miss the yak.
The yak is severely wounded.
The yak gores you!
* * * LOW HITPOINT WARNING * * *
The yak attacks as you move away! The yak closely misses you.
Casting: Iskenderun's Mystic Blast (dangerous; 26% risk of failure)
Confirm with . or Enter, or press ? or * to list all spells.
You miscast Iskenderun's Mystic Blast.
You are very lightly contaminated with residual magic.
Nothing appears to happen.
The yak gores you.
* * * LOW HITPOINT WARNING * * *
Unknown command.
The yak attacks as you move away! The yak gores you!
You die...

, ####.#.#.# *
,* *
..#....#.#.#
#.........#.#
,
##.#.##.#.#.#
* # #.*#.#.#.#
, , * #.
#.#.#.# ,* #.
#.#.#.# , ,,
,#.##.#.#.## #
#.@YY.....# ,
##.####.#.####
* ,, ,
......#.#.# ,
,, ..........#
, **
*#.##.#.### ,
#.#.# ** , *
#,#.# , ,#.###
,, , ** #...#


You could see 2 yaks.

Vanquished Creatures
  3 yaks (D:8)
  A steam dragon (D:8)
  A sky beast (D:4)
  A black bear (D:5)
  An ogre (D:6)
  2 centaurs (D:8)
  3 scorpions
  4 wights (D:6)
  3 howler monkeys (D:8)
  2 hounds
  3 iguanas
  An orc wizard (D:6)
  8 mummies (Ossuary)
  8 gnolls
  3 adders
  3 worms
  2 dart slugs
  18 orcs
  10 ball pythons
  8 endoplasms
  A giant cockroach (D:4)
  2 gnoll zombies (Ossuary)
  2 goblins
  3 hobgoblins
  4 jackals (D:1)
  7 quokkas
  2 bats (D:2)
  A hobgoblin zombie (Ossuary)
  4 kobolds (D:1)
  4 kobold zombies (Ossuary)
  An orc zombie (Ossuary)
  5 rats
121 creatures vanquished.

Notes
Turn   | Place    | Note
-------+----------+-------------------------------------------
     0 | D:1      | Labrat the Meteoran Earth Elementalist began the quest for
                  | the Orb.
     0 | D:1      | Reached XP level 1. HP: 14/14 MP: 5/5
   108 | D:1      | Reached XP level 2. HP: 15/20 MP: 2/6
   240 | D:1      | Reached XP level 3. HP: 26/26 MP: 6/8
   312 | D:1      | Reached XP level 4. HP: 20/33 MP: 6/10
   320 | D:1      | Learned a level 2 spell: Passwall
   332 | D:1      | Found a faded altar of an unknown god.
   487 | D:3      | Reached XP level 5. HP: 38/38 MP: 11/11
   717 | D:3      | Found the +4 robe of Augmentation {Str+4 Int+4 Dex+4}
   830 | D:3      | Got Kageal's Guidebook on Mutagenic Transposition
   930 | D:4      | Reached skill level 5 in Earth Magic
   937 | D:4      | Reached XP level 6. HP: 36/45 MP: 8/13
  1009 | D:4      | Noticed a sky beast
  1014 | D:4      | Killed a sky beast
  1015 | D:4      | Reached skill level 5 in Spellcasting
  1015 | D:4      | Reached XP level 7. HP: 36/50 MP: 11/16
  1035 | D:4      | Found a sand-covered staircase.
  1043 | Ossuary  | Entered an ossuary
  1164 | Ossuary  | Reached skill level 1 in Armour
  1234 | Ossuary  | Learned a level 3 spell: Stone Arrow
  1236 | Ossuary  | Learned a level 1 spell: Apportation
  1241 | Ossuary  | Learned a level 4 spell: Iskenderun's Mystic Blast
  1377 | D:5      | Entered Level 5 of the Dungeon
  1383 | D:5      | Reached skill level 1 in Fighting
  1406 | D:5      | Reached XP level 8. HP: 61/61 MP: 14/18
  1610 | D:6      | Found a staircase to the Ecumenical Temple.
  1649 | D:6      | Reached skill level 5 in Dodging
  1674 | Temple   | Entered the Ecumenical Temple
  1686 | Temple   | Learned a level 1 spell: Magic Dart
  1692 | Temple   | Learned a level 3 spell: Mephitic Cloud
  1697 | Temple   | Learned a level 4 spell: Olgreb's Toxic Radiance
  1699 | Temple   | Became a worshipper of Vehumet
  1741 | D:6      | You fall into a shaft and drop 2 floors!
  1761 | D:8      | Gained mutation: You passively map the area around you.
                  | [Meteoran growth]
  1761 | D:8      | Reached XP level 9. HP: 72/72 MP: 16/19
  1763 | D:8      | Noticed a two-headed ogre
  1765 | D:8      | Reached skill level 5 in Fighting
  1765 | D:8      | Reached skill level 5 in Armour
  1798 | D:8      | HP: 1/74 [orc warrior/+0 broad axe (5)]
  1974 | D:8      | Reached skill level 5 in Conjurations
  1974 | D:8      | Reached skill level 1 in Poison Magic
  2041 | D:8      | Slain by a yak

Illustrated notes

Levels and vault maps discovered:
D:1:      ebering_trefoil_twist, layout_loops_ring,
          chequers_ecumenical_altar_twisty
D:2:      layout_basic
D:3:      layout_loops_ring
D:4:      layout_rooms, chequers_ossuary_entry_cave
D:5:      layout_rooms, minmay_misc_feat_x
D:6:      layout_loops_cross, minmay_temple_entry_large_hall
D:8:      layout_basic, grunt_temple_overflow_open, water_boxes_lemuel
Temple:   compressed_dpeg_triangle_lava_temple

Skill      XL: |  1  2  3  4  5  6  7  8  9 |
---------------+----------------------------+-----
Spellcasting   | 3 4 5 6 |  6.3
Transmutations | 2 3 4 |  4.0
Earth Magic    | 4 5 6 |  6.0
Armour         | 2 4 5 |  5.0
Fighting       | 2 4 5 |  5.0
Dodging        | 3 5 |  5.0
Conjurations   | 5 |  5.0
Poison Magic   | 4 |  4.0
Stealth        | |  1.4

Action                   |  1- 3 |  4- 6 |  7- 9 || total
-------------------------+-------+-------+-------++-------
Melee: Short sword       |     5 |    25 |    12 ||    42
       Punch             |       |       |     4 ||     4
       Spear             |       |       |    35 ||    35
 Cast: Sandblast         |    21 |    64 |    81 ||   166
       Passwall          |       |     4 |     6 ||    10
       Magic Dart        |       |       |     2 ||     2
       Stone Arrow       |       |       |    12 ||    12
       Iskenderun's Myst |       |       |     4 ||     4
Evoke: Wand              |       |       |     3 ||     3
  Use: Scroll            |       |     3 |     1 ||     4
       Potion            |       |       |     2 ||     2
 Stab: Sleeping          |     1 |     1 |       ||     2
       Invisible         |       |       |     2 ||     2
Armor: Robe              |     2 |    10 |    18 ||    30
Dodge: Dodged            |     4 |    34 |    52 ||    90
